 Dungeon Crawl Stone Soup version 0.20.0-15-g7f486f2 (webtiles) character file.

19059 Szarrukin the Cleaver (level 13, -1/86 HPs)
             Began as a Formicid Fighter on June 12, 2017.
             Was a Priest of Qazlal.
             Slain by a blink frog (5 damage)
             ... on level 3 of the Lair of Beasts.
             The game lasted 00:49:38 (14551 turns).

Szarrukin the Cleaver (Formicid Fighter)           Turns: 14551, Time: 00:49:39

Health: -1/86      AC: 17    Str: 25    XL:     13   Next: 1%
Magic:  14/20      EV:  2    Int:  9    God:    Qazlal [***...]
Gold:   764        SH:  0    Dex: 10    Spells: 12/12 levels left

rFire    + . .     SeeInvis +   E - +0 battleaxe
rCold    . . .     Gourm    .   c - +0 shield
rNeg     + + +     Faith    .   r - +0 plate armour
rPois    ∞         Spirit   .   (helmet unavailable)
rElec    .         Reflect  .   (no cloak)
rCorr    .         Harm     .   w - +2 pair of gloves
MR       +....                  (no boots)
Stlth    ..........             (no amulet)
Regen    0.3/turn               n - ring of protection from fire
MPRegen  0.2/turn               t - ring of positive energy

@: lethally poisoned (-1 -> -1), petrified
A: permanent stasis, dig shafts and tunnels, four strong arms, antennae 3
a: Dig, Shaft Self, Upheaval, Elemental Force, Renounce Religion


You were on level 3 of the Lair of Beasts.
You worshipped Qazlal.
Qazlal was most pleased with you.
You were hungry.

You visited 2 branches of the dungeon, and saw 13 of its levels.
You also visited: Ossuary.

You collected 764 gold pieces.

Inventory:

Hand Weapons
 E - a +0 battleaxe (weapon)
Armour
 c - a +0 shield (worn)
 r - a +0 plate armour (worn)
 w - a +2 pair of gloves (worn)
Jewellery
 a - a +2 ring of dexterity
 n - a ring of protection from fire (left hand)
 t - a ring of positive energy (right hand)
Wands
 u - a wand of lightning (6/15)
 v - a wand of disintegration (13/24)
 x - a wand of paralysis (5/24)
 z - a wand of random effects (36/48)
 B - a wand of acid (1/15)
 C - a wand of enslavement (7/24)
 G - a wand of random effects (41/48)
Scrolls
 g - a scroll of fear
 h - 3 scrolls of magic mapping
 i - a scroll of identify
 j - 3 scrolls of immolation
 m - 5 scrolls of remove curse
 p - 2 scrolls of amnesia
 y - 2 scrolls of fog
Potions
 b - a potion of heal wounds
 d - a potion of might
 e - 2 potions of flight
 s - 2 potions of mutation
 A - a potion of curing
Comestibles
 f - 6 bread rations
 k - 8 meat rations
 o - 4 royal jellies


   Skills:
 - Level 3.2 Fighting
 + Level 13.4 Axes
 - Level 10.0 Armour
 - Level 10.1 Shields
 - Level 10.1 Invocations
 - Level 5.9 Evocations


You had 12 spell levels left.
You didn't know any spells.

Dungeon Overview and Level Annotations

Branches:
Dungeon (10/15)            Temple (0/1) D:7            Lair (2/6) D:10
  Swamp: Lair:2-4    Shoals: Lair:2-4     Snake: Lair:2-4    Spider: Lair:2-4
    Orc: D:9-12

Altars:
Ashenzari
Cheibriados
Fedhas
Makhleb
Okawaru
Qazlal
Trog
The Shining One

Shops:
D:8 [

Annotations:
D:2 exclusion: oklob plant


Innate Abilities, Weirdness & Mutations

You cannot be hasted, slowed, berserked, paralysed or teleported.
You can dig through walls and to a lower floor.
Your four strong arms can wield two-handed weapons with a shield.
You have a pair of large antennae on your head. (SInv)


Message History

The blink frog is engulfed in blazing flames.
The blink frog hits you!
* * * LOW HITPOINT WARNING * * *
The blink frog hits you but does no damage.
The blink frog hits you but does no damage.
The blink frog hits you!
* * * LOW HITPOINT WARNING * * *
The blink frog blinks!
The blink frog hits you but does no damage.
The basilisk gazes at you.
You easily resist.
The blink frog hits you but does no damage. x2
The basilisk gazes at you.
You easily resist.
The blink frog hits you.
* * * LOW HITPOINT WARNING * * *
The blink frog blinks!
The blink frog hits you but does no damage. x2
The basilisk gazes at you.
You easily resist.
The blink frog hits you!
You die...

###..P#+P##
#.........##
#..........
.+
#........##..
##........#..
#..$......#.#
......†..(+.#
#...F..@l..#
......§FF..#
.+..[......#
#.........##
##.#P#P#### #
####


You could see a basilisk and 3 blink frogs.

Vanquished Creatures
  An ogre mage (D:10)
  4 two-headed ogres
  A death yak (Lair:2)
  2 unseen horrors (D:10)
  A deep elf mage (D:7)
  Maurice (D:10)
  An elephant (D:10)
  A black mamba (Lair:2)
  A komodo dragon (Lair:1)
  A troll (D:10)
  Grinder (D:6)
  9 blink frogs
  5 hippogriffs
  17 yaks
  2 wyverns
  A steam dragon (D:9)
  2 basilisks
  6 water moccasins
  A porcupine (Lair:1)
  5 orc warriors
  3 sky beasts
  2 ice beasts
  A black bear (D:9)
  2 necrophages
  4 phantoms
  4 ogres
  The ghost of Paps the Skirmisher, an amateur DsBe of Trog (D:3)
  7 centaurs
  3 crocodiles
  A big kobold (D:10)
  A gnoll sergeant (D:5)
  8 bullfrogs
  4 scorpions
  9 killer bees
  8 wights
  3 howler monkeys (D:10)
  2 bullfrog zombies (D:5)
  5 crimson imps
  A quasit (D:9)
  A centaur zombie (Ossuary)
  3 hounds
  5 orc priests
  A bullfrog skeleton (D:9)
  9 orc wizards
  A centaur skeleton (D:8)
  An iguana (D:10)
  5 worker ants
  2 big kobold zombies (Ossuary)
  4 mummies (Ossuary)
  6 gnolls
  A howler monkey zombie (D:9)
  9 adders
  3 oozes
  An adder skeleton (D:8)
  2 adder zombies
  11 worms
  A dart slug (D:2)
  3 leopard geckos
  32 orcs
  4 bats
  6 giant cockroaches
  12 goblins
  6 hobgoblins
  20 jackals
  9 kobolds
  3 quokkas
  A ball python (D:2)
  4 frilled lizards
  A giant cockroach zombie (D:5)
  2 hobgoblin zombies (Ossuary)
  2 jackal skeletons
  A leopard gecko skeleton (D:4)
  A quokka skeleton (D:7)
  6 rats
  A fungus (Lair:2)
312 creatures vanquished.

Vanquished Creatures (others)
  2 jackals (D:7)
  A bush (Lair:3)
  4 fungi
  2 plants (Lair:1)
9 creatures vanquished.

Grand Total: 321 creatures vanquished

Notes
Turn   | Place    | Note
-------+----------+-------------------------------------------
     0 | D:1      | Szarrukin the Formicid Fighter began the quest for the Orb.
     0 | D:1      | Reached XP level 1. HP: 18/18 MP: 1/1
   132 | D:1      | Reached XP level 2. HP: 19/24 MP: 2/2
   153 | D:1      | Reached skill level 3 in Axes
   338 | D:1      | Reached XP level 3. HP: 27/29 MP: 3/3
   351 | D:1      | You fall through a shaft!
   897 | D:2      | Reached XP level 4. HP: 33/35 MP: 4/4
   899 | D:2      | Reached skill level 4 in Axes
  1441 | D:2      | Found a blossoming altar of Fedhas.
  1467 | D:2      | Noticed an oklob plant
  1756 | D:3      | Noticed Paps's ghost (amateur DsBe)
  1777 | D:3      | Killed Paps's ghost
  1777 | D:3      | Reached skill level 5 in Axes
  1777 | D:3      | Reached XP level 5. HP: 3/41 MP: 5/5
  2192 | D:3      | Reached XP level 6. HP: 47/47 MP: 6/6
  2354 | D:3      | Found a glowing golden altar of the Shining One.
  2354 | D:3      | Found a shattered altar of Ashenzari.
  2354 | D:3      | Found a burning altar of Makhleb.
  3014 | D:4      | Noticed a phantom
  3063 | D:4      | Killed a phantom
  3063 | D:4      | Reached skill level 5 in Shields
  3509 | D:4      | Reached XP level 7. HP: 50/52 MP: 7/7
  3679 | D:5      | Entered Level 5 of the Dungeon
  3693 | D:5      | Found a sand-covered staircase.
  3708 | Ossuary  | Entered an ossuary
  3863 | Ossuary  | Reached skill level 5 in Armour
  4099 | D:5      | Reached skill level 6 in Axes
  4116 | D:5      | Reached XP level 8. HP: 26/58 MP: 8/8
  4123 | D:5      | Reached skill level 7 in Axes
  4646 | D:5      | Found a stormy altar of Qazlal.
  4682 | D:5      | Became a worshipper of Qazlal Stormbringer
  4916 | D:5      | Reached skill level 8 in Axes
  5151 | D:6      | Noticed Grinder
  5271 | D:6      | Reached skill level 9 in Axes
  5503 | D:6      | Killed Grinder
  5503 | D:6      | Reached XP level 9. HP: 44/64 MP: 9/9
  5941 | D:7      | Reached skill level 10 in Axes
  6218 | D:7      | Reached * piety under Qazlal
  6312 | D:7      | Noticed a hippogriff
  6337 | D:7      | Killed a hippogriff
  7120 | D:7      | Noticed a moth of wrath
  7123 | D:7      | Found a bloodstained altar of Trog.
  7210 | D:7      | Noticed a deep elf mage
  7220 | D:7      | Killed a deep elf mage
  7220 | D:7      | Reached skill level 10 in Shields
  7220 | D:7      | Reached XP level 10. HP: 70/70 MP: 10/10
  7309 | D:7      | Found a staircase to the Ecumenical Temple.
  7447 | D:8      | Reached skill level 1 in Invocations
  7454 | D:8      | Noticed a two-headed ogre
  7471 | D:8      | Killed a two-headed ogre
  7471 | D:8      | Reached skill level 5 in Invocations
  7503 | D:8      | Reached ** piety under Qazlal
  8379 | D:8      | Noticed a two-headed ogre
  8398 | D:8      | Killed a two-headed ogre
  8644 | D:8      | Found Kalokint's Armour Shop.
  8727 | D:8      | Found an iron altar of Okawaru.
  9339 | D:9      | Found a snail-covered altar of Cheibriados.
  9373 | D:9      | Reached XP level 11. HP: 29/75 MP: 17/17
 10344 | D:9      | Noticed a two-headed ogre
 10359 | D:9      | Killed a two-headed ogre
 10646 | D:10     | Entered Level 10 of the Dungeon
 10646 | D:10     | Found a staircase to the Lair.
 10648 | D:10     | Noticed an elephant
 10711 | D:10     | Reached skill level 10 in Armour
 10727 | D:10     | Noticed a two-headed ogre
 10737 | D:10     | Noticed an ogre mage
 10741 | D:10     | Killed a two-headed ogre
 10914 | D:10     | Noticed Maurice
 10931 | D:10     | Killed Maurice
 10931 | D:10     | Reached *** piety under Qazlal
 10966 | D:10     | Killed an elephant
 10966 | D:10     | Reached skill level 10 in Invocations
 11265 | D:10     | Reached skill level 1 in Evocations
 11472 | D:10     | Noticed an unseen horror
 11485 | D:10     | Killed an unseen horror
 11508 | D:10     | Reached XP level 12. HP: 61/81 MP: 19/19
 11609 | D:10     | Killed an ogre mage
 11609 | D:10     | Reached skill level 5 in Evocations
 11830 | D:10     | Noticed an unseen horror
 11840 | D:10     | Killed an unseen horror
 11881 | D:10     | Reached skill level 11 in Axes
 12516 | Lair:1   | Entered Level 1 of the Lair of Beasts
 12973 | Lair:1   | Reached **** piety under Qazlal
 12973 | Lair:1   | Reached skill level 12 in Axes
 14420 | Lair:2   | Reached skill level 13 in Axes
 14479 | Lair:2   | Noticed a death yak
 14479 | Lair:2   | Noticed a death yak
 14480 | Lair:2   | Noticed a death yak
 14486 | Lair:2   | Killed a death yak
 14489 | Lair:2   | You fall through a shaft!
 14539 | Lair:3   | Reached XP level 13. HP: 51/86 MP: 12/20
 14550 | Lair:3   | HP: 4/86 [blink frog (2)]
 14551 | Lair:3   | Slain by a blink frog

Skill      XL: |  1  2  3  4  5  6  7  8  9 10 11 12 |
---------------+-------------------------------------+-----
Axes           | 3 5 6 9 10 13 | 13.4
Shields        | 4 5 10 | 10.1
Armour         | 5 6 10 | 10.0
Invocations    | 8 10 | 10.1
Evocations     | 4 5 |  5.9
Fighting       | |  3.2

Action                   |  1- 3 |  4- 6 |  7- 9 | 10-12 | 13-15 || total
-------------------------+-------+-------+-------+-------+-------++-------
Melee: War axe           |    87 |   187 |   410 |   486 |       ||  1170
       Battleaxe         |       |       |       |   282 |     3 ||   285
Invok: Upheaval          |       |       |       |     6 |       ||     6
 Abil: Shaft Self        |       |       |       |     1 |       ||     1
Evoke: Wand              |       |       |       |     1 |       ||     1
  Use: Scroll            |       |     5 |     4 |    14 |       ||    23
       Potion            |       |     2 |     7 |     5 |       ||    14
 Stab: Paralysed         |       |       |       |     5 |       ||     5
  Eat: Chunk             |       |     8 |    12 |    20 |       ||    40
       Fruit             |       |       |     1 |       |       ||     1
       Bread ration      |       |       |       |     1 |       ||     1
Armor: Scale mail        |    27 |    78 |       |       |       ||   105
       Plate armour      |       |     1 |   185 |   284 |    14 ||   484
Dodge: Dodged            |    24 |    69 |    81 |   158 |     4 ||   336
Block: Shield            |    40 |    96 |   189 |   629 |     5 ||   959
